 Dungeon Crawl Stone Soup version 0.19-a0-512-g4411254 (webtiles) character file.

755 AlphabetPasta the Caller (level 7, -3/46 HPs)
             Began as a Vampire Summoner on June 5, 2016.
             Was a Follower of Ru.
             Slain by an ogre
             ... wielding a +0 giant club
              (23 damage)
             ... on level 5 of the Dungeon.
             The game lasted 00:35:56 (7449 turns).

AlphabetPasta the Caller (Vampire Summoner)         Turns: 7449, Time: 00:35:57

Health: -3/46      AC:  6    Str:  7    XL:     7   Next: 49%
Magic:  9/13       EV: 13    Int: 23    God:    Ru [*.....]
Gold:   202        SH:  4    Dex: 14    Spells: 3 memorised, 9 levels left

rFire  + . .     SeeInvis +     b - staff of summoning
rCold  + + +     Gourm    .     x - +2 robe {rC+ rF+}
rNeg   + + +     Faith    .     y - +1 buckler
rPois  +         Spirit   .     w - +0 helmet
rElec  .         Dismiss  .     v - +0 cloak
rCorr  +         Reflect  .     (no gloves)
SustAt .         Harm     .     (no boots)
MR     .....                    (no amulet)
Stlth  +++.......               j - ring of the Lost Realms {rC+ Int+3 Slay+3 SInv}
                                k - ring of resist corrosion

@: very slightly contaminated, regenerating slowly, drained, not resistant to
hostile enchantments, fairly stealthy
A: fangs 3, see invisible, unbreathing, no air magic, no conjurations magic, no
transmutations magic
a: Bat Form, Renounce Religion


You were on level 5 of the Dungeon.
You worshipped Ru.
Ru was aware of your devotion.
You were near bloodless.

You visited 2 branches of the dungeon, and saw 6 of its levels.

You collected 202 gold pieces.

Inventory:

Hand Weapons
 a - a +0 dagger of draining
Armour
 q - a +0 robe
 v - a +0 cloak (worn)
 w - a +0 helmet (worn)
 x - a +2 robe of resistance (worn)
 y - a +1 buckler (worn)
Magical Staves
 b - an uncursed staff of summoning (weapon)
Jewellery
 j - the ring of the Lost Realms (right hand) {rC+ Int+3 Slay+3 SInv}
   (You found it on level 5 of the Dungeon)

   [ring of see invisible]

   It affects your intelligence (+3).
   It affects your accuracy and damage with ranged weapons and melee attacks
   (+3).
   It protects you from cold.
   It lets you see invisible.
 k - a ring of resist corrosion (left hand)
Wands
 i - a wand of enslavement (13/24)
Scrolls
 g - a scroll of enchant armour
 h - 2 scrolls of recharging
 l - 2 scrolls of fear
 r - 2 scrolls of remove curse
Potions
 c - 14 potions of blood
 d - a potion of haste
 e - a potion of heal wounds
 f - a potion of cancellation
 n - a potion of might {unknown}
 p - 2 potions of flight
 u - a potion of agility {unknown}
Books
 s - a book of Callings

   Spells                             Type                      Level
   a - Summon Small Mammal            Summoning                    1
   b - Call Imp                       Summoning                    2
   c - Call Canine Familiar           Summoning                    3
   d - Summon Guardian Golem          Hexes/Summoning              3
   e - Summon Lightning Spire         Summoning/Air                4
   f - Summon Ice Beast               Ice/Summoning                4


   Skills:
 - Level 1.9(1.6) Short Blades
 + Level 1.7(1.4) Staves
 + Level 4.3(4.0) Dodging
 + Level 5.4(5.1) Stealth
 * Level 4.5(4.3) Spellcasting
 * Level 5.7(5.4) Summonings


You had 9 spell levels left.
You knew the following spells:

 Your Spells              Type           Power        Failure   Level  Hunger
a - Summon Small Mammal   Summ           ####         1%          1    None
b - Call Imp              Summ           #####...     2%          2    #......
c - Call Canine Familiar  Summ           #####...     6%          3    ##.....


Dungeon Overview and Level Annotations

Branches:
Dungeon (5/15)             Temple (1/1) D:5

Altars:
Elyvilon
Fedhas
Hepliaklqana
Okawaru
Ru
Sif Muna
Xom
Zin
The Shining One


Innate Abilities, Weirdness & Mutations

You heal slowly.
You have razor-sharp teeth.
You have supernaturally acute eyesight. (SInv)
You can survive without breathing.
You cannot study or cast Air magic.
You cannot study or cast Conjurations magic.
You cannot study or cast Transmutations magic.


Message History

The hound is severely wounded.
You block the hound's attack. The ogre hits you with a giant club!
The hound misses you.
You closely miss the hound.
The hound is severely wounded.
The hound bites you but does no damage. The hound bites you.
The ogre hits you with a giant club!
You hit the hound.
The hound is almost dead.
The hound barely misses you.
Your crimson imp blinks!
The hound bites you but does no damage. The hound bites you but does no damage.
Your crimson imp hits the ogre.
Your crimson imp blinks!
The hound closely misses you.
Wield which item (- for none, * to show all)? (? for menu, Esc to quit)
b - an uncursed staff of summoning (weapon)
The ogre hits you with a giant club!!
Ouch! That really hurt!
You die...

##################
#.......§........#
#................#
#..#####..#####..#
#......#hO# . #
#..÷...#.@#..... #
#####..#..#..###
8#
#......#).#.....S
##
#......#..#......
#..#####..#####..
#..h...#..#
#...5..#..#.. #
#####(.#..#.. #
#...h..#..#..


You could see an ogre and a hound.

Vanquished Creatures
  A wasp (D:4)
  A centaur (D:5)
  An ogre (D:4)
  The ghost of Ultraviolent4 the Ruffian, a weakling VSMo (D:4)
  A hound (D:3)
  A worker ant (D:4)
  3 adders
  A dart slug (D:1)
  3 giant geckos
  4 orcs
  5 bats
  5 giant cockroaches
  7 goblins
  4 hobgoblins
  2 kobolds (D:1)
  A quokka (D:5)
  A giant gecko skeleton (D:4)
  A giant newt (D:1)
  5 rats
48 creatures vanquished.

Vanquished Creatures (collateral kills)
  2 phantoms (D:5)
  A scorpion (D:4)
  A crimson imp (D:5)
  2 centaur skeletons (D:4)
  3 hounds
  2 orc wizards (D:3)
  A giant frog skeleton (D:5)
  4 worker ants
  Robin (D:3)
  2 adders (D:5)
  2 howler monkey skeletons
  A shadow imp (D:5)
  An ooze (D:1)
  2 worms
  2 dart slugs (D:1)
  A giant gecko (D:3)
  7 orcs
  2 giant cockroaches
  7 goblins
  6 hobgoblins
  6 jackals
  2 kobolds
  A ball python (D:3)
  3 bats (D:1)
  A quokka skeleton (D:4)
  2 rats (D:1)
65 creatures vanquished.

Grand Total: 113 creatures vanquished

Notes
Turn   | Place    | Note
--------------------------------------------------------------
     0 | D:1      | AlphabetPasta the Vampire Summoner began the quest for the Orb.
     0 | D:1      | Reached XP level 1. HP: 13/13 MP: 3/3
   601 | D:1      | Reached XP level 2. HP: 19/19 MP: 5/5
   608 | D:1      | Learned a level 2 spell: Call Imp
  1385 | D:1      | Reached XP level 3. HP: 22/24 MP: 6/6
  1731 | D:1      | Learned a level 3 spell: Call Canine Familiar
  1733 | D:2      | Upgraded the game from 0.19-a0-501-gdfa65a2 to 0.19-a0-512-g4411254
  2228 | D:3      | Reached skill level 1 in Short Blades
  2231 | D:3      | Found a sacrificial altar of Ru.
  2252 | D:3      | Became a worshipper of Ru the Awakened
  2468 | D:3      | Noticed Robin
  3045 | D:3      | Reached XP level 4. HP: 19/30 MP: 5/8
  3533 | D:3      | Found a blossoming altar of Fedhas.
  3713 | D:3      | Killed Robin
  3826 | D:3      | HP: 1/30 [giant gecko (1)]
  4526 | D:3      | Reached XP level 5. HP: 35/35 MP: 9/9
  4852 | D:4      | Reached skill level 5 in Summonings
  4905 | D:4      | Found a white marble altar of Elyvilon.
  4980 | D:4      | Noticed Ultraviolent4's ghost (weakling VSMo)
  5509 | D:4      | Noticed an ogre
  5515 | D:4      | Killed an ogre
  5515 | D:4      | Reached XP level 6. HP: 41/41 MP: 11/11
  5549 | D:4      | Gained mutation: You cannot study or cast Air magic. [Ru sacrifice]
  5549 | D:4      | Gained mutation: You cannot study or cast Transmutations magic. [Ru sacrifice]
  5549 | D:4      | Gained mutation: You cannot study or cast Conjurations magic. [Ru sacrifice]
  5549 | D:4      | Reached * piety under Ru
  5614 | D:4      | Killed Ultraviolent4's ghost
  5646 | D:4      | Reached skill level 1 in Staves
  7056 | D:5      | Entered Level 5 of the Dungeon
  7112 | D:5      | Found a shimmering altar of Xom.
  7130 | D:5      | Found a staircase to the Ecumenical Temple.
  7154 | Temple   | Entered the Ecumenical Temple
  7299 | D:5      | Reached skill level 5 in Stealth
  7299 | D:5      | Reached XP level 7. HP: 45/46 MP: 13/13
  7381 | D:5      | Got a wavering glass ring
  7382 | D:5      | Identified the ring of the Lost Realms {rC+ Int+3 Slay+3 SInv} (You found it on level 5 of the Dungeon)
  7449 | D:5      | Slain by an ogre

Vault maps used:
D:1:      minmay_arrival_widening_spiral_narrow
D:3:      nicolae_overflow_crystal_walls, nicolae_ru_sacrificial_ziggurat,
          bh_walls_and_bars, uniq_robin
D:4:      kennysheep_mini_moat, first_bread, nicolae_underground_beach
D:5:      kennysheep_windowed_halls, lightli_temple_of_fire,
          nicolae_overflow_hidden_temple, lemuel_round_altar,
          minmay_temple_entry_trees
Temple:   nicolae_temple_hex_pool_5

Skill      XL: |  1  2  3  4  5  6 |
---------------+-------------------+-----
Short Blades   | 1 |  1.9
Dodging        | 3 4 |  4.3
Spellcasting   | 3 4 |  4.5
Stealth        | 4 5 |  5.4
Summonings     | 5 |  5.7
Staves         | 1 |  1.7

Action                   |  1- 3 |  4- 6 |  7- 9 || total
-------------------------+-------+-------+-------++-------
Melee: Dagger            |   120 |    95 |    16 ||   231
       Bite              |     9 |     7 |     3 ||    19
       Unarmed           |     2 |       |       ||     2
       Staff             |       |    21 |     3 ||    24
 Cast: Summon Small Mamm |    21 |     1 |       ||    22
       Call Imp          |     8 |    16 |     1 ||    25
       Call Canine Famil |     1 |    20 |     3 ||    24
Invok: Sacrifice Arcana  |       |     1 |       ||     1
 Abil: End Transformatio |     1 |     1 |       ||     2
       Bat Form          |     1 |     1 |       ||     2
  Use: Potion            |     1 |     4 |       ||     5
       Scroll            |       |    12 |     1 ||    13
 Stab: Sleeping          |    12 |     9 |     1 ||    22
       Distracted        |     1 |     1 |       ||     2
Armor: Robe              |    18 |    25 |     5 ||    48
Dodge: Dodged            |    88 |    49 |    11 ||   148
Block: Buckler           |       |     8 |     7 ||    15
